 Dungeon Crawl Stone Soup version 0.27.0 (webtiles) character file.

Game seed: 11417864763350770500

6032 shadowrider38 the Cleaver (level 10, -2/77 HPs)
             Began as a Minotaur Berserker on July 30, 2021.
             Was an Elder of Trog.
             Slain by an eight-headed hydra (13 damage)
             ... on level 9 of the Dungeon.
             The game lasted 00:27:00 (11312 turns).

shadowrider38 the Cleaver (Minotaur Berserker)     Turns: 11312, Time: 00:27:00

Health: -2/77      AC: 16    Str: 26    XL:     10   Next: 56%
Magic:  9/9        EV:  8    Int:  4    God:    Trog [****..]
Gold:   367        SH:  0    Dex:  9    Spells: 9/9 levels left

rFire    . . .     SeeInvis .   a - +3 battleaxe (freeze)
rCold    . . .     Faith    .   (shield currently unavailable)
rNeg     . . .     Spirit   .   k - +0 plate armour
rPois    .         Reflect  .   (helmet restricted)
rElec    .         Harm     .   (no cloak)
rCorr    .         Rampage  .   r - +0 pair of gloves
Will     .....                  (no boots)
Stlth    ..........             (no amulet)
HPRegen  0.22/turn              (no ring)
MPRegen  0.11/turn              (no ring)

@: slowed, very slow
A: horns 2, retaliatory headbutt
a: Renounce Religion, Berserk, Trog's Hand, Brothers in Arms


You were on level 9 of the Dungeon.
You worshipped Trog.
Trog was greatly pleased with you.
You visited 1 branch of the dungeon, and saw 9 of its levels.

You collected 380 gold pieces.
You spent 13 gold pieces at shops.

Inventory:

Hand Weapons
 a - a +3 battleaxe of freezing (weapon)
 z - a +0 hand axe
 A - a +3 war axe
 C - a +0 giant spiked club
Missiles
 p - 2 throwing nets (quivered)
Armour
 k - a +0 plate armour (worn)
 r - a +0 pair of gloves (worn)
 y - a +2 buckler
 D - a +1 robe of cold resistance
 E - the +0 chain mail of the Sun {Str-5 Int+7}
   (You found it on level 7 of the Dungeon)

   Str:       It affects your strength (-5).
   Int:       It affects your intelligence (+7).
Wands
 l - a wand of acid (5)
 o - a wand of charming (6)
 t - a wand of iceblast (8)
 x - a wand of mindburst (23)
Scrolls
 c - a scroll of fog
 d - 2 scrolls of acquirement {unknown}
 e - 4 scrolls of teleportation {unknown}
 f - a scroll of blinking {unknown}
 h - a scroll of vulnerability {unknown}
 j - a scroll of noise
 m - a scroll of brand weapon
 u - 2 scrolls of immolation {unknown}
 w - a scroll of summoning {unknown}
 B - a scroll of magic mapping {unknown}
 F - a scroll of amnesia {unknown}
Potions
 b - a potion of haste {unknown}
 i - 2 potions of brilliance
 n - a potion of degeneration
 q - a potion of cancellation
 s - 2 potions of curing


   Skills:
 - Level 3.6 Fighting
 - Level 14.3 Axes
 + Level 11.5 Armour
 - Level 2.1 Dodging
 - Level 4.1 Shields


You had 9 spell levels left.
You didn't know any spells.
Your spell library was empty.

Dungeon Overview and Level Annotations

Branches:
Dungeon (9/15)             Temple (0/1) D:4            Lair (0/6) D:8
    Orc: D:9-12

Altars:
Makhleb

Shops:
D:4 !   D:6 (

Portals:
Abyss: D:6

Annotations:
D:3 1 runed translucent door, Crazy Yiuf
D:9 2 runed translucent doors


Innate Abilities, Weirdness & Mutations

You have a pair of horns on your head.
You reflexively headbutt those who attack you in melee.


Message History

You feel much better.
The hornet stings you but does no damage.
The eight-headed hydra bites you but does no damage. x3
The eight-headed hydra bites you. x2
The eight-headed hydra bites you but does no damage. x2
The eight-headed hydra bites you.
The hornet stings you but does no damage.
The hornet stings you but does no damage.
There is a stone staircase leading down here.
The hornet closely misses you. You furiously retaliate!
You headbutt the hornet, but do no damage.
The hornet barely misses you.
You see here 22 stones.
The hornet stings you but does no damage.
The hornet stings you!
You feel yourself slow down. The hornet barely misses you.
You furiously retaliate!
You headbutt the hornet!
You feel yourself speed up. The hornet barely misses you.
You furiously retaliate!
You headbutt the hornet. The eight-headed hydra bites you.
* * * LOW HITPOINT WARNING * * *
The eight-headed hydra bites you.
* * * LOW HITPOINT WARNING * * *
The eight-headed hydra bites you but does no damage.
The eight-headed hydra bites you.
* * * LOW HITPOINT WARNING * * *
The eight-headed hydra completely misses you.
The eight-headed hydra closely misses you.
The eight-headed hydra bites you.
* * * LOW HITPOINT WARNING * * *
The eight-headed hydra bites you but does no damage.
Okay, then.
You feel better. The hornet stings you!
* * * LOW HITPOINT WARNING * * *
You feel yourself slow down.
The hornet stings you but does no damage.
The eight-headed hydra barely misses you.
The eight-headed hydra completely misses you.
The eight-headed hydra bites you but does no damage. x2
The eight-headed hydra bites you!
You die...

###.....>...##
###.....###
##.....##
##...#..(##
##...###...##
##...## ##...##
##...## ##...##
#...## ###.D##
...## ##y@## .###
##..## ## ##..##
## # ##..###
####...
##.....##.......
##....#.....##
##....###).##...#
##...###
#...#.###
###...## #..Z#..


You could see an eight-headed hydra and a hornet.

Vanquished Creatures
  The ghost of ZARRMARR the Insei, a novice MfTm of Hepliaklqana (D:6)
  A red devil (D:6)
  A hornet (D:9)
  Eustachio (D:5)
  3 yaks (D:9)
  Grum (D:9)
  Menkaure (D:5)
  3 small abominations (D:6)
  A steam dragon (D:6)
  3 wargs (D:8)
  Duvessa (D:5)
  A hornet zombie (D:8)
  2 orc warriors
  A sky beast (D:7)
  A black bear (D:3)
  2 ice beasts
  A necrophage (D:6)
  3 wolves (D:9)
  4 ogres
  2 phantoms
  Blork the orc (D:6)
  2 gnoll sergeants (D:6)
  2 bullfrogs
  A wyvern zombie (D:7)
  4 scorpions
  Dowan (D:5)
  5 killer bees (D:7)
  4 wights (D:7)
  A howler monkey (D:7)
  A crimson imp (D:5)
  A centaur zombie (D:9)
  8 hounds
  4 orc priests
  3 gnoll shamans
  2 iguanas (D:7)
  A scorpion zombie (D:5)
  3 orc wizards
  A killer bee zombie (D:7)
  18 gnolls
  6 adders
  4 shadow imps
  2 white imps
  An ufetubus (D:6)
  3 worms
  A dart slug (D:1)
  18 orcs
  7 bats
  5 endoplasms
  3 giant cockroaches (D:1)
  2 goblins
  10 hobgoblins
  11 jackals (D:1)
  3 quokkas
  8 ball pythons
  4 frilled lizards
  6 kobolds
  6 rats
197 creatures vanquished.

Vanquished Creatures (others)
  2 fungi (D:3)
2 creatures vanquished.

Grand Total: 199 creatures vanquished

Notes
Turn   | Place    | Note
-------+----------+-------------------------------------------
     0 | D:1      | shadowrider38 the Minotaur Berserker began the quest for
                  | the Orb.
     0 | D:1      | Reached XP level 1. HP: 19/19 MP: 0/0
    30 | D:1      | Reached skill level 4 in Axes
   246 | D:1      | Reached XP level 2. HP: 20/26 MP: 1/1
   625 | D:1      | Reached skill level 5 in Axes
   710 | D:1      | Reached XP level 3. HP: 31/31 MP: 2/2
   720 | D:1      | Reached ** piety under Trog
   774 | D:1      | Found a faded altar of an unknown god.
  1565 | D:2      | Reached XP level 4. HP: 36/39 MP: 3/3
  1775 | D:3      | Reached skill level 6 in Axes
  2224 | D:3      | Reached skill level 1 in Shields
  2296 | D:3      | Reached XP level 5. HP: 28/45 MP: 4/4
  2301 | D:3      | Noticed a black bear
  2399 | D:4      | Noticed an ogre
  2406 | D:3      | Killed a black bear
  2407 | D:3      | Reached skill level 7 in Axes
  2533 | D:3      | Found a runed translucent door.
  2534 | D:3      | Noticed Crazy Yiuf
  2597 | D:4      | Reached XP level 6. HP: 46/51 MP: 5/5
  2607 | D:4      | Found Qorics's Distillery.
  2685 | D:4      | Bought a potion of degeneration for 13 gold pieces
  2722 | D:4      | Reached skill level 8 in Axes
  2740 | D:4      | Reached *** piety under Trog
  2870 | D:4      | Found a staircase to the Ecumenical Temple.
  3584 | D:5      | Entered Level 5 of the Dungeon
  3593 | D:5      | Noticed Duvessa
  3593 | D:5      | Noticed Dowan
  3604 | D:5      | Killed Dowan
  3605 | D:5      | Reached XP level 7. HP: 57/57 MP: 6/6
  3611 | D:5      | Killed Duvessa
  3612 | D:5      | Reached skill level 9 in Axes
  3826 | D:5      | Noticed Eustachio
  3853 | D:5      | Killed Eustachio
  3854 | D:5      | Reached skill level 10 in Axes
  3997 | D:5      | Noticed Menkaure
  4024 | D:5      | Killed Menkaure
  4200 | D:5      | Reached XP level 8. HP: 28/64 MP: 7/7
  4694 | D:5      | Reached skill level 11 in Axes
  4989 | D:5      | Found a burning altar of Makhleb.
  5202 | D:6      | Noticed Blork the orc
  5209 | D:6      | Killed Blork the orc
  5277 | D:6      | Found a transporter.
  5283 | D:6      | Noticed a red devil
  5303 | D:6      | Reached **** piety under Trog
  5304 | D:6      | Reached skill level 12 in Axes
  5588 | D:6      | Found a transporter.
  5590 | D:6      | Found a one-way gate to the infinite horrors of the Abyss.
  5590 | D:6      | Noticed ZARRMARR's ghost (novice MfTm)
  6375 | D:6      | Reached skill level 13 in Axes
  6883 | D:6      | Reached XP level 9. HP: 58/70 MP: 8/8
  7147 | D:6      | Found Qoriuf's Antique Weapon Shoppe.
  7483 | D:6      | Killed ZARRMARR's ghost
  7484 | D:6      | Reached skill level 14 in Axes
  7725 | D:6      | Killed a red devil
  8074 | D:7      | Reached skill level 5 in Armour
  8520 | D:7      | Reached XP level 10. HP: 25/77 MP: 9/9
  9339 | D:7      | Identified the +0 chain mail of the Sun {Str-5 Int+7}
  9792 | D:8      | Found a sand-covered staircase.
 10008 | D:8      | Found a staircase to the Lair.
 10266 | D:8      | Reached skill level 10 in Armour
 10939 | D:9      | Noticed Grum
 10951 | D:9      | Killed Grum
 11188 | D:9      | Found a runed translucent door.
 11188 | D:9      | Noticed a boulder beetle
 11189 | D:9      | Found a runed translucent door.
 11190 | D:9      | Noticed a centaur warrior
 11190 | D:9      | Noticed a two-headed ogre
 11212 | D:9      | Noticed an eight-headed hydra
 11251 | D:9      | Paralysed by a hornet for 2 turns
 11312 | D:9      | Slain by an eight-headed hydra

Illustrated notes

Levels and vault maps discovered:
D:1:      nzn_arrival_settlement, layout_basic, basic_ecumenical_altar,
          minivault_26, chequers_serial_rivers_micro_c, minmay_pentomino_t4
D:2:      layout_rooms
D:3:      layout_basic, minmay_door_square, uniq_crazy_yiuf_cottage
D:4:      layout_loops_ring, minmay_temple_entry_junction, serial_shops,
          nicolae_shop_crystal
D:5:      layout_loops_corners, makhleb_grotto_becter, serial_glass,
          glass_columns_a, glass_columns_a, minmay_misc_feat_x, uniq_eustachio,
          uniq_menkaure, uniq_duvessa
D:6:      layout_loops_ring, gammafunk_ghost_abyssal_escape, serial_shops,
          nicolae_shop_crystal, uniq_blork_the_orc
D:7:      layout_rooms, minmay_joined_circles
D:8:      layout_layer_cave, erik_lair_orcish_takeover,
          nicolae_ossuary_entry_plus
D:9:      minmay_the_grid_triangle_9x9_rhombus_thin_mashed
          [minmay_the_grid_triangle_9x9_odd_lines,
          minmay_the_grid_triangle_9x9_prize_special,
          minmay_the_grid_triangle_9x9_fully_insulated_deathbox,
          minmay_the_grid_triangle_9x9_steps], layout_cave_pods, uniq_grum

Skill      XL: |  1  2  3  4  5  6  7  8  9 10 |
---------------+-------------------------------+-----
Axes           | 4 5 6 7 8 10 13 14 | 14.3
Shields        | 1 2 4 |  4.1
Armour         | 8 11 | 11.5
Fighting       | |  3.6
Dodging        | |  2.1

Action                   |  1- 3 |  4- 6 |  7- 9 | 10-12 || total
-------------------------+-------+-------+-------+-------++-------
Melee: Hand axe          |   101 |   148 |   301 |       ||   550
       Headbutt          |    16 |    21 |    61 |    17 ||   115
       Battleaxe         |       |       |    55 |    94 ||   149
Invok: Berserk           |       |     1 |     4 |       ||     5
       Trog's Hand       |       |       |     1 |       ||     1
  Use: Scroll            |       |       |     9 |     2 ||    11
       Potion            |       |       |       |     3 ||     3
Armor: Animal skin       |     5 |       |       |       ||     5
       Ring mail         |    38 |    11 |       |       ||    49
       Plate armour      |       |    82 |   136 |    76 ||   294
Dodge: Dodged            |    60 |    31 |    52 |    42 ||   185
Block: Kite shield       |    14 |    63 |    97 |       ||   174
       Buckler           |       |       |     8 |       ||     8
